Capitals vs Rangers
Created - December 19, 2023 at 20:04
Goals
|
| Capitals |
1 |
2 |
1 |
4 |
| Rangers |
2 |
0 |
0 |
2 |
|
Shots
|
| Capitals |
10 |
12 |
8 |
30 |
| Rangers |
18 |
5 |
4 |
27 |
|
1st period
1. Rangers , Milan Lucic 18 (Mikhail Sergachev 5, Sean Couturier 26) at 6:49
2. Capitals , Cody Hodgson 6 (Blake Pietila 10) at 9:37
3. Rangers , Ondrej Palat 9 (Mikhail Sergachev 6) at 14:24
Penalties :
Ryan Strome (NyR) for Tripping (Minor) at 1:33
2nd period
4. Capitals , Bobby Ryan 10 (Cody Hodgson 15, Mike Green 12) at 5:37 (PP)
5. Capitals , Patrick Kane 15 (Nicklas Backstrom 18) at 16:19
Penalties :
Vince Dunn (NyR) for Hooking (Minor) at 5:02, Dmitry Kulikov (NyR) for Roughing (Minor) at 7:17, Milan Lucic (NyR) for Goalie Interference (Minor) at 8:06
3rd period
6. Capitals , Patrick Kane 16 (Taylor Hall 22) at 19:11 (Empty Net)
Penalties :
No Penalty
Goalie Stats
Cory Schneider (Was), 25 saves from 27 shots - (0.926), W, 14-9-2, 60:00 minutes
Samuel Montembeault (NyR), 26 saves from 29 shots - (0.897), L, 8-6-1, 59:37 minutes
Players Stats for Capitals
Player Name G A P +/- PIM S H SB GA TA FO MP PP MP PK MP
------------------------------------------------------------------------------------
Alexei Marchenko 0 0 0 1 0 1 1 0 0 0 0/0 21:47 2:24 0:00
Blake Pietila 0 1 1 0 0 3 1 1 1 1 0/0 16:32 1:59 0:00
Bobby Ryan 1 0 1 0 0 2 0 0 0 0 0/0 16:23 1:59 0:00
Brandon Burlon 0 0 0 1 0 2 1 0 1 0 0/0 21:47 2:24 0:00
Brandon Gormley 0 0 0 -1 0 0 2 0 1 0 0/0 24:32 2:58 0:00
Cody Hodgson 1 1 2 0 0 1 0 0 0 0 8/12 16:16 1:59 0:00
Jeff Skinner 0 0 0 0 0 2 2 0 0 2 0/0 9:03 0:00 0:00
Joe Colborne 0 0 0 0 0 3 0 0 1 0 2/4 13:47 0:03 0:00
Jujhar Khaira 0 0 0 0 0 1 1 0 2 0 1/1 13:44 0:00 0:00
Mike Green 0 1 1 -1 0 2 2 2 0 0 0/0 24:32 2:58 0:00
Mikko Vainonen 0 0 0 1 0 0 1 0 0 0 0/0 13:22 0:00 0:00
Nicklas Backstrom 0 1 1 1 0 2 7 1 0 0 12/25 20:54 3:20 0:00
Patrick Kane 2 0 2 1 0 3 0 0 1 0 2/4 21:09 3:23 0:00
Phil Kessel 0 0 0 0 0 1 1 0 0 0 0/0 9:03 0:00 0:00
Sergey Kalinin 0 0 0 0 0 0 1 0 0 0 1/1 9:03 0:00 0:00
Shea Theodore 0 0 0 1 0 1 0 0 0 0 0/0 13:22 0:00 0:00
Steve Downie 0 0 0 0 0 4 0 0 0 0 0/0 13:44 0:00 0:00
Taylor Hall 0 1 1 1 0 2 2 0 0 1 0/1 21:00 3:23 0:00
Players Stats for Rangers
Player Name G A P +/- PIM S H SB GA TA FO MP PP MP PK MP
------------------------------------------------------------------------------------
Cale Makar 0 0 0 -1 0 0 1 0 0 0 0/0 20:15 0:00 0:13
Chris Mcallister 0 0 0 0 0 0 1 1 0 0 0/0 10:49 0:00 0:36
Devante Smith-Pelly 0 0 0 -2 0 1 3 0 0 1 0/0 12:45 0:00 0:00
Dmitry Kulikov 0 0 0 -1 2 1 1 0 0 1 0/0 18:38 0:00 2:19
Henrik Samuelsson 0 0 0 -1 0 1 0 0 0 0 4/4 12:36 0:00 0:15
Jake McCabe 0 0 0 -2 0 0 1 1 1 2 0/0 27:14 0:00 4:05
Magnus Paajarvi 0 0 0 -1 0 2 1 0 0 0 0/0 12:33 0:00 0:12
Mikhail Sergachev 0 2 2 1 0 2 1 0 0 1 0/0 19:29 0:00 1:34
Milan Lucic 1 0 1 0 2 8 1 1 0 0 1/2 20:09 0:00 2:30
Ondrej Palat 1 0 1 0 0 1 1 0 0 0 0/0 15:38 0:00 0:52
Patrik Nemeth 0 0 0 0 0 2 0 0 3 0 0/0 18:15 0:00 2:34
Richard Panik 0 0 0 0 0 0 4 1 0 0 1/2 14:48 0:00 0:00
Ryan Strome 0 0 0 1 2 1 2 0 0 1 0/0 17:58 0:00 0:30
Sean Couturier 0 1 1 0 0 1 1 0 0 0 12/30 20:52 0:00 3:19
Seth Griffith 0 0 0 0 0 0 0 0 0 0 0/1 10:09 0:00 0:00
Stefan Noesen 0 0 0 0 0 1 1 0 0 0 0/0 10:02 0:00 0:00
Tomas Hertl 0 0 0 0 0 5 4 0 0 0 4/9 15:48 0:00 1:18
Vince Dunn 0 0 0 1 2 1 2 0 0 1 0/0 15:26 0:00 0:00
3 Stars
1 - Patrick Kane (Was)
2 - Nicklas Backstrom (Was)
3 - Cody Hodgson (Was)
Power Play
Capitals - 1 on 4 Attempt(s) - 25.00%
Rangers - 0 on 0 Attempt(s) - 0.00%
Penalty Kill
Capitals - 0 on 0 Attempt(s) - 0.00%
- Score 0 goal in Penalty Kill
Rangers - 3 on 4 Attempt(s) - 75.00%
- Score 0 goal in Penalty Kill
Team Stat
Capitals - Hits : 22 - Faceoff Wins : 26 - Blocked Shots : 4 - Penalty Minutes : 0
Rangers - Hits : 25 - Faceoff Wins : 22 - Blocked Shots : 4 - Penalty Minutes : 8
Official
Referees : Peter MacDougall and TJ Luxmore
Linesman : Ryan Galloway and Jesse Marquis
Game Notes
Patrick Kane has scored in a empty net!
Finance
Level 1 -- Attendance: 6000 (100.00%) -- Ticket Income $600,000
Level 2 -- Attendance: 4913 (98.26%) -- Ticket Income $294,780
Level 3 -- Attendance: 2000 (100.00%) -- Ticket Income $70,000
Level 4 -- Attendance: 4000 (100.00%) -- Ticket Income $100,000
Luxury Box -- Attendance: 990 (99.00%) -- Ticket Income $198,000
Game was played at the Madison Square Garden.
Total Attendance: 17903 (99.46%)
Total Ticket Income: $1,262,780
Other Income: $189,417
Total Income: $1,452,197
Capitals
5 vs 5 Forward
Center Left Wing Right Wing Time % Phy DF OF
1 Nicklas Backstrom Taylor Hall Patrick Kane 40 0 0 5
2 Cody Hodgson Blake Pietila Bobby Ryan 30 0 1 4
3 Joe Colborne Jujhar Khaira Steve Downie 20 0 1 4
4 Sergey Kalinin Jeff Skinner Phil Kessel 10 0 2 3
5 vs 5 Defense
Defense Defense Time % Phy DF OF
1 Brandon Gormley Mike Green 40 0 2 3
2 Alexei Marchenko Brandon Burlon 30 0 3 2
3 Shea Theodore Mikko Vainonen 20 0 3 2
4 Brandon Gormley Mike Green 10 0 3 2
PowerPlay Forward
Center Left Wing Right Wing Time % Phy DF OF
1 Nicklas Backstrom Taylor Hall Patrick Kane 60 0 0 5
2 Cody Hodgson Blake Pietila Bobby Ryan 40 0 0 5
PowerPlay Defense
Defense Defense Time % Phy DF OF
1 Brandon Gormley Mike Green 60 0 2 3
2 Alexei Marchenko Brandon Burlon 40 0 2 3
Penalty Kill 4 Players Forward
Center Wing Time % Phy DF OF
1 Taylor Hall Patrick Kane 60 0 3 2
2 Nicklas Backstrom Bobby Ryan 40 0 3 2
Penalty Kill 4 Players Defense
Defense Defense Time % Phy DF OF
1 Brandon Gormley Mike Green 60 0 4 1
2 Alexei Marchenko Brandon Burlon 40 0 4 1
Penalty Kill - 3 Players Forward
Forward Time % Phy DF OF
1 Taylor Hall 60 0 5 0
2 Patrick Kane 40 0 5 0
Penalty Kill - 3 Players Defense
Defense Defense Time % Phy DF OF
1 Brandon Gormley Mike Green 60 0 5 0
2 Alexei Marchenko Brandon Burlon 40 0 5 0
4 vs 4 Forward
Center Wing Time % Phy DF OF
1 Taylor Hall Patrick Kane 60 0 0 5
2 Nicklas Backstrom Bobby Ryan 40 0 0 5
4 vs 4 Defense
Defense Defense Time % Phy DF OF
1 Brandon Gormley Mike Green 60 0 2 3
2 Alexei Marchenko Brandon Burlon 40 0 3 2
Last Minutes Offensive
Center Left Wing Right Wing Defense Defense
Nicklas Backstrom Taylor Hall Patrick Kane Brandon Gormley Mike Green
Last Minutes Defensive
Center Left Wing Right Wing Defense Defense
Nicklas Backstrom Taylor Hall Patrick Kane Brandon Gormley Mike Green
Goaltenders
Starting : Cory Schneider
Backup : Chet Pickard
Extra Forwards
Normal : Taylor Hall, Patrick Kane, Nicklas Backstrom - PP : Taylor Hall, Patrick Kane - PK : Patrick Kane
Extra Defensemen
Normal : Mike Green, Brandon Gormley, Alexei Marchenko - PP : Mike Green - PK : Mike Green, Alexei Marchenko
Penalty Shots
Taylor Hall, Patrick Kane, Nicklas Backstrom, Bobby Ryan, Cody Hodgson
Custom OT Lines Forwards
Taylor Hall, Patrick Kane, Nicklas Backstrom, Bobby Ryan, Cody Hodgson, Blake Pietila, Jujhar Khaira, Steve Downie, Jeff Skinner, Phil Kessel
Custom OT Lines Defensemen
Brandon Gormley, Mike Green, Alexei Marchenko, Brandon Burlon, Shea Theodore
Scratches
Morgan Rielly (Separated Left Shoulder Injury)
Rangers
5 vs 5 Forward
Center Left Wing Right Wing Time % Phy DF OF
1 Sean Couturier Milan Lucic Ryan Strome 40 1 2 2
2 Tomas Hertl Ondrej Palat Richard Panik 30 1 2 2
3 Henrik Samuelsson Magnus Paajarvi Devante Smith-Pelly 20 1 2 2
4 Seth Griffith Chris Mcallister Stefan Noesen 10 1 2 2
5 vs 5 Defense
Defense Defense Time % Phy DF OF
1 Jake McCabe Cale Makar 40 1 2 2
2 Vince Dunn Mikhail Sergachev 30 1 2 2
3 Dmitry Kulikov Patrik Nemeth 20 1 2 2
4 Jake McCabe Mikhail Sergachev 10 1 2 2
PowerPlay Forward
Center Left Wing Right Wing Time % Phy DF OF
1 Sean Couturier Milan Lucic Devante Smith-Pelly 60 1 2 2
2 Tomas Hertl Ondrej Palat Ryan Strome 40 1 2 2
PowerPlay Defense
Defense Defense Time % Phy DF OF
1 Cale Makar Dmitry Kulikov 60 1 2 2
2 Jake McCabe Vince Dunn 40 1 2 2
Penalty Kill 4 Players Forward
Center Wing Time % Phy DF OF
1 Sean Couturier Milan Lucic 60 1 2 2
2 Tomas Hertl Ondrej Palat 40 1 2 2
Penalty Kill 4 Players Defense
Defense Defense Time % Phy DF OF
1 Jake McCabe Dmitry Kulikov 60 1 2 2
2 Mikhail Sergachev Patrik Nemeth 40 1 2 2
Penalty Kill - 3 Players Forward
Forward Time % Phy DF OF
1 Sean Couturier 60 1 2 2
2 Tomas Hertl 40 1 2 2
Penalty Kill - 3 Players Defense
Defense Defense Time % Phy DF OF
1 Jake McCabe Dmitry Kulikov 60 1 2 2
2 Mikhail Sergachev Patrik Nemeth 40 1 2 2
4 vs 4 Forward
Center Wing Time % Phy DF OF
1 Sean Couturier Milan Lucic 60 1 2 2
2 Tomas Hertl Ondrej Palat 40 1 2 2
4 vs 4 Defense
Defense Defense Time % Phy DF OF
1 Jake McCabe Dmitry Kulikov 60 1 2 2
2 Cale Makar Patrik Nemeth 40 1 2 2
Last Minutes Offensive
Center Left Wing Right Wing Defense Defense
Sean Couturier Milan Lucic Devante Smith-Pelly Jake McCabe Dmitry Kulikov
Last Minutes Defensive
Center Left Wing Right Wing Defense Defense
Sean Couturier Milan Lucic Devante Smith-Pelly Jake McCabe Dmitry Kulikov
Goaltenders
Starting : Samuel Montembeault
Backup : Frederik Andersen
Extra Forwards
Normal : Ryan Strome, Richard Panik, Ondrej Palat - PP : Ryan Strome, Richard Panik - PK : Ryan Strome
Extra Defensemen
Normal : Patrik Nemeth, Mikhail Sergachev, Vince Dunn - PP : Patrik Nemeth - PK : Patrik Nemeth, Mikhail Sergachev
Penalty Shots
Milan Lucic, Sean Couturier, Tomas Hertl, Devante Smith-Pelly, Ryan Strome
Custom OT Lines Forwards
Milan Lucic, Sean Couturier, Tomas Hertl, Devante Smith-Pelly, Ryan Strome, Richard Panik, Ondrej Palat, Chris Mcallister, Stefan Noesen, Magnus Paajarvi
Custom OT Lines Defensemen
Jake McCabe, Dmitry Kulikov, Cale Makar, Vince Dunn, Mikhail Sergachev
Scratches
Derrick Pouliot (Healthy), T.J Galiardi (Healthy)
% Time on Ice - Capitals
Lines # - Real PCT - Wanted PCT - Time Play
Normal Forward
1 - 32% - 40% - 17:29
2 - 26% - 30% - 13:56
3 - 25% - 20% - 13:44
4 - 17% - 10% - 9:03
Normal Defense
1 - 36% - 40% - 19:39
2 - 36% - 30% - 19:17
3 - 24% - 20% - 13:02
4 - 4% - 10% - 2:14
PP Forward
1 - 63% - 60% - 3:23
2 - 37% - 40% - 1:59
PP Defense
1 - 55% - 60% - 2:58
2 - 45% - 40% - 2:24
PK Forward
1 - 0% - 60%
2 - 0% - 40%
PK Defense
1 - 0% - 60%
2 - 0% - 40%
PK3 Forward
1 - 0% - 60%
2 - 0% - 40%
PK3 Defense
1 - 0% - 60%
2 - 0% - 40%
44 Forward
1 - 0% - 60%
2 - 0% - 40%
44 Defense
1 - 0% - 60%
2 - 0% - 40%
Last Minute Offensive - 0:00
Last Minute Defensive - 0:26
Total
Forward - 60:00
Defense - 60:00
|
% Time on Ice - Rangers
Lines # - Real PCT - Wanted PCT - Time Play
Normal Forward
1 - 32% - 40% - 17:30
2 - 27% - 30% - 14:30
3 - 23% - 20% - 12:20
4 - 18% - 10% - 10:02
Normal Defense
1 - 37% - 40% - 20:03
2 - 30% - 30% - 16:11
3 - 28% - 20% - 15:17
4 - 5% - 10% - 2:51
PP Forward
1 - 0% - 60%
2 - 0% - 40%
PP Defense
1 - 0% - 60%
2 - 0% - 40%
PK Forward
1 - 79% - 60% - 3:20
2 - 21% - 40% - 0:52
PK Defense
1 - 84% - 60% - 3:32
2 - 16% - 40% - 0:40
PK3 Forward
1 - 63% - 60% - 0:44
2 - 37% - 40% - 0:26
PK3 Defense
1 - 100% - 60% - 1:10
2 - 0% - 40% - 0:00
44 Forward
1 - 0% - 60%
2 - 0% - 40%
44 Defense
1 - 0% - 60%
2 - 0% - 40%
Last Minute Offensive - 0:16
Last Minute Defensive - 0:00
Total
Forward - 60:00
Defense - 60:00
|
Play-by-Play
1st period
0:01 of 1st period - Sean Couturier wins face-off versus Nicklas Backstrom in neutral zone.
0:33 of 1st period - Cody Hodgson is hit by Tomas Hertl and loses puck.
0:40 of 1st period - Snap shot by Ondrej Palat.
0:40 of 1st period - Shot Misses the Net.
0:58 of 1st period - Wrist shot by Henrik Samuelsson.
0:58 of 1st period - Shot Blocked by Mike Green.
1:00 of 1st period - Slapshot by Mikhail Sergachev.
1:00 of 1st period - Stopped by Cory Schneider without a rebound.
1:01 of 1st period - Sergey Kalinin wins face-off versus Seth Griffith in Capitals zone.
1:16 of 1st period - Wrist shot by Phil Kessel.
1:16 of 1st period - Stopped by Samuel Montembeault without a rebound.
1:17 of 1st period - Nicklas Backstrom wins face-off versus Sean Couturier in Rangers zone.
1:33 of 1st period - Minor Penalty to Ryan Strome for Tripping.
1:34 of 1st period - Sean Couturier wins face-off versus Nicklas Backstrom in Rangers zone.
2:35 of 1st period - Jake McCabe is hit by Nicklas Backstrom and loses puck.
2:40 of 1st period - Snap shot by Taylor Hall.
2:40 of 1st period - Shot Misses the Net.
2:42 of 1st period - Slapshot by Brandon Gormley.
2:42 of 1st period - Shot Misses the Net.
2:44 of 1st period - Snap shot by Taylor Hall.
2:44 of 1st period - Shot Misses the Net.
2:46 of 1st period - Slapshot by Brandon Gormley.
2:46 of 1st period - Shot Misses the Net.
2:48 of 1st period - Wrist shot by Brandon Gormley.
2:48 of 1st period - Shot Misses the Net.
2:50 of 1st period - Slapshot by Mike Green.
2:50 of 1st period - Stopped by Samuel Montembeault with a rebound.
2:52 of 1st period - Slapshot by Mike Green.
2:52 of 1st period - Stopped by Samuel Montembeault without a rebound.
2:53 of 1st period - Cody Hodgson wins face-off versus Sean Couturier in Rangers zone.
3:14 of 1st period - Mikhail Sergachev is hit by Blake Pietila and loses puck.
3:33 of 1st period - Penalty to Ryan Strome is over, Ryan Strome is back on ice.
4:16 of 1st period - Seth Griffith is hit by Jeff Skinner and loses puck.
4:31 of 1st period - Slapshot by Cale Makar.
4:31 of 1st period - Shot Misses the Net.
5:03 of 1st period - Cale Makar is hit by Sergey Kalinin and loses puck.
5:10 of 1st period - Jeff Skinner is hit by Chris Mcallister and loses puck.
6:32 of 1st period - Snap shot by Phil Kessel.
6:32 of 1st period - Deflect By Jeff Skinner.
6:32 of 1st period - Stopped by Samuel Montembeault without a rebound.
6:33 of 1st period - Milan Lucic wins face-off versus Nicklas Backstrom in Rangers zone.
6:33 of 1st period - Milan Lucic is hit by Nicklas Backstrom.
6:43 of 1st period - Slapshot by Milan Lucic.
6:43 of 1st period - Stopped by Cory Schneider with a rebound.
6:47 of 1st period - Backhand shot by Milan Lucic.
6:47 of 1st period - Stopped by Cory Schneider with a rebound.
6:49 of 1st period - Wrist shot by Milan Lucic.
6:49 of 1st period - Goal by Milan Lucic - Capitals : 0 - Rangers : 1.
6:50 of 1st period - Sean Couturier wins face-off versus Nicklas Backstrom in neutral zone.
6:55 of 1st period - Slapshot by Ryan Strome.
6:55 of 1st period - Stopped by Cory Schneider with a rebound.
6:57 of 1st period - Slapshot by Vince Dunn.
6:57 of 1st period - Stopped by Cory Schneider with a rebound.
6:59 of 1st period - Snap shot by Vince Dunn.
6:59 of 1st period - Shot Misses the Net.
7:01 of 1st period - Slapshot by Mikhail Sergachev.
7:01 of 1st period - Stopped by Cory Schneider without a rebound.
7:02 of 1st period - Cody Hodgson wins face-off versus Tomas Hertl in Capitals zone.
7:15 of 1st period - Slapshot by Bobby Ryan.
7:15 of 1st period - Shot Misses the Net.
8:11 of 1st period - Brandon Burlon is hit by Tomas Hertl and loses puck.
8:22 of 1st period - Wrist shot by Steve Downie.
8:22 of 1st period - Stopped by Samuel Montembeault without a rebound.
8:23 of 1st period - Patrick Kane wins face-off versus Sean Couturier in Rangers zone.
8:30 of 1st period - Slapshot by Sean Couturier.
8:30 of 1st period - Shot Misses the Net.
8:50 of 1st period - Bobby Ryan is hit by Tomas Hertl and loses puck.
9:37 of 1st period - Snap shot by Cody Hodgson.
9:37 of 1st period - Goal by Cody Hodgson - Capitals : 1 - Rangers : 1.
9:38 of 1st period - Sean Couturier wins face-off versus Nicklas Backstrom in neutral zone.
10:17 of 1st period - Off-side.
10:18 of 1st period - Henrik Samuelsson wins face-off versus Cody Hodgson in neutral zone.
10:45 of 1st period - Milan Lucic is hit by Brandon Burlon and loses puck.
10:50 of 1st period - Wrist shot by Patrick Kane.
10:50 of 1st period - Deflect By Milan Lucic.
10:50 of 1st period - Stopped by Samuel Montembeault with a rebound.
11:12 of 1st period - Tomas Hertl is hit by Mike Green and loses puck.
11:52 of 1st period - Wrist shot by Sean Couturier.
11:52 of 1st period - Deflect By Cody Hodgson.
11:52 of 1st period - Stopped by Cory Schneider without a rebound.
11:53 of 1st period - Cody Hodgson wins face-off versus Milan Lucic in Capitals zone.
12:41 of 1st period - Steve Downie is hit by Magnus Paajarvi and loses puck.
13:40 of 1st period - Snap shot by Joe Colborne.
13:40 of 1st period - Deflect By Richard Panik.
13:40 of 1st period - Shot Blocked by Richard Panik.
13:40 of 1st period - Puck is out of play.
13:41 of 1st period - Nicklas Backstrom wins face-off versus Richard Panik in Rangers zone.
13:52 of 1st period - Wrist shot by Tomas Hertl.
13:52 of 1st period - Deflect By Patrick Kane.
13:52 of 1st period - Stopped by Cory Schneider without a rebound.
13:53 of 1st period - Nicklas Backstrom wins face-off versus Sean Couturier in Capitals zone.
13:58 of 1st period - Wrist shot by Taylor Hall.
13:58 of 1st period - Stopped by Samuel Montembeault with a rebound.
14:09 of 1st period - Vince Dunn is hit by Nicklas Backstrom and loses puck.
14:24 of 1st period - Slapshot by Ondrej Palat.
14:24 of 1st period - Goal by Ondrej Palat - Capitals : 1 - Rangers : 2.
14:25 of 1st period - Cody Hodgson wins face-off versus Sean Couturier in neutral zone.
14:30 of 1st period - Snap shot by Blake Pietila.
14:30 of 1st period - Stopped by Samuel Montembeault without a rebound.
14:31 of 1st period - Cody Hodgson wins face-off versus Sean Couturier in Rangers zone.
14:32 of 1st period - Slapshot by Blake Pietila.
14:32 of 1st period - Shot Misses the Net.
14:40 of 1st period - Snap shot by Milan Lucic.
14:40 of 1st period - Shot Blocked by Blake Pietila.
14:46 of 1st period - Wrist shot by Milan Lucic.
14:46 of 1st period - Stopped by Cory Schneider without a rebound.
14:47 of 1st period - Tomas Hertl wins face-off versus Nicklas Backstrom in Capitals zone.
14:52 of 1st period - Wrist shot by Tomas Hertl.
14:52 of 1st period - Stopped by Cory Schneider with a rebound.
14:54 of 1st period - Snap shot by Tomas Hertl.
14:54 of 1st period - Stopped by Cory Schneider without a rebound.
14:55 of 1st period - Nicklas Backstrom wins face-off versus Tomas Hertl in Capitals zone.
15:04 of 1st period - Brandon Gormley is hit by Dmitry Kulikov and loses puck.
15:29 of 1st period - Snap shot by Tomas Hertl.
15:29 of 1st period - Shot Hit the Post.
15:31 of 1st period - Slapshot by Patrik Nemeth.
15:31 of 1st period - Shot Blocked by Mike Green.
15:33 of 1st period - Slapshot by Dmitry Kulikov.
15:33 of 1st period - Shot Misses the Net.
15:47 of 1st period - Snap shot by Tomas Hertl.
15:47 of 1st period - Stopped by Cory Schneider without a rebound.
15:48 of 1st period - Sean Couturier wins face-off versus Cody Hodgson in Capitals zone.
16:25 of 1st period - Snap shot by Steve Downie.
16:25 of 1st period - Stopped by Samuel Montembeault with a rebound.
16:47 of 1st period - Jake McCabe is hit by Jeff Skinner and loses puck.
17:08 of 1st period - Wrist shot by Magnus Paajarvi.
17:08 of 1st period - Shot Misses the Net.
17:10 of 1st period - Snap shot by Devante Smith-Pelly.
17:10 of 1st period - Stopped by Cory Schneider without a rebound.
17:11 of 1st period - Henrik Samuelsson wins face-off versus Nicklas Backstrom in Capitals zone.
17:12 of 1st period - Wrist shot by Magnus Paajarvi.
17:12 of 1st period - Stopped by Cory Schneider without a rebound.
17:13 of 1st period - Sean Couturier wins face-off versus Nicklas Backstrom in Capitals zone.
17:26 of 1st period - Snap shot by Milan Lucic.
17:26 of 1st period - Stopped by Cory Schneider with a rebound.
17:28 of 1st period - Wrist shot by Milan Lucic.
17:28 of 1st period - Shot Misses the Net.
17:30 of 1st period - Slapshot by Milan Lucic.
17:30 of 1st period - Stopped by Cory Schneider with a rebound.
19:57 of 1st period - Brandon Burlon is hit by Ryan Strome and loses puck.
Goals for this period are 1 for Capitals vs 2 for Rangers.
Shots for this period are 10 for Capitals vs 18 for Rangers.
2nd period
0:01 of 2nd period - Nicklas Backstrom wins face-off versus Sean Couturier in neutral zone.
0:59 of 2nd period - Slapshot by Devante Smith-Pelly.
0:59 of 2nd period - Shot Misses the Net.
1:23 of 2nd period - Stefan Noesen is hit by Jujhar Khaira and loses puck.
1:28 of 2nd period - Slapshot by Joe Colborne.
1:28 of 2nd period - Shot Misses the Net.
2:36 of 2nd period - Icing by Jujhar Khaira.
2:37 of 2nd period - Joe Colborne wins face-off versus Sean Couturier in Capitals zone.
2:37 of 2nd period - Joe Colborne is hit by Sean Couturier.
2:45 of 2nd period - Slapshot by Steve Downie.
2:45 of 2nd period - Stopped by Samuel Montembeault with a rebound.
2:47 of 2nd period - Wrist shot by Joe Colborne.
2:47 of 2nd period - Shot Misses the Net.
2:49 of 2nd period - Wrist shot by Joe Colborne.
2:49 of 2nd period - Stopped by Samuel Montembeault with a rebound.
2:55 of 2nd period - Wrist shot by Joe Colborne.
2:55 of 2nd period - Stopped by Samuel Montembeault without a rebound.
2:56 of 2nd period - Nicklas Backstrom wins face-off versus Tomas Hertl in Rangers zone.
3:26 of 2nd period - Snap shot by Milan Lucic.
3:26 of 2nd period - Shot Misses the Net.
3:30 of 2nd period - Wrist shot by Milan Lucic.
3:30 of 2nd period - Shot Hit the Post.
3:32 of 2nd period - Wrist shot by Milan Lucic.
3:32 of 2nd period - Stopped by Cory Schneider without a rebound.
3:33 of 2nd period - Sean Couturier wins face-off versus Taylor Hall in Capitals zone.
3:59 of 2nd period - Slapshot by Tomas Hertl.
3:59 of 2nd period - Shot Misses the Net.
4:07 of 2nd period - Wrist shot by Tomas Hertl.
4:07 of 2nd period - Stopped by Cory Schneider without a rebound.
4:08 of 2nd period - Cody Hodgson wins face-off versus Sean Couturier in Capitals zone.
4:59 of 2nd period - Snap shot by Bobby Ryan.
4:59 of 2nd period - Stopped by Samuel Montembeault without a rebound.
5:00 of 2nd period - Sean Couturier wins face-off versus Nicklas Backstrom in Rangers zone.
5:02 of 2nd period - Minor Penalty to Vince Dunn for Hooking.
5:03 of 2nd period - Sean Couturier wins face-off versus Nicklas Backstrom in Rangers zone.
5:37 of 2nd period - Wrist shot by Bobby Ryan.
5:37 of 2nd period - Goal by Bobby Ryan - Capitals : 2 - Rangers : 2.
5:38 of 2nd period - Richard Panik wins face-off versus Patrick Kane in neutral zone.
5:48 of 2nd period - Wrist shot by Patrick Kane.
5:48 of 2nd period - Shot Misses the Net.
6:50 of 2nd period - Devante Smith-Pelly is hit by Brandon Gormley and loses puck.
7:15 of 2nd period - Wrist shot by Joe Colborne.
7:15 of 2nd period - Shot Misses the Net.
7:17 of 2nd period - Minor Penalty to Dmitry Kulikov for Roughing.
7:18 of 2nd period - Nicklas Backstrom wins face-off versus Sean Couturier in Rangers zone.
7:21 of 2nd period - Snap shot by Nicklas Backstrom.
7:21 of 2nd period - Stopped by Samuel Montembeault with a rebound.
7:23 of 2nd period - Wrist shot by Nicklas Backstrom.
7:23 of 2nd period - Shot Misses the Net.
7:25 of 2nd period - Slapshot by Patrick Kane.
7:25 of 2nd period - Shot Blocked by Jake McCabe.
7:27 of 2nd period - Wrist shot by Patrick Kane.
7:27 of 2nd period - Deflect By Taylor Hall.
7:27 of 2nd period - Stopped by Samuel Montembeault without a rebound.
7:28 of 2nd period - Sean Couturier wins face-off versus Nicklas Backstrom in Rangers zone.
7:57 of 2nd period - Snap shot by Patrick Kane.
7:57 of 2nd period - Shot Misses the Net.
8:06 of 2nd period - Minor Penalty to Milan Lucic for Goalie Interference.
8:07 of 2nd period - Cody Hodgson wins face-off versus Sean Couturier in Rangers zone.
9:17 of 2nd period - Penalty to Dmitry Kulikov is over, Dmitry Kulikov is back on ice.
10:06 of 2nd period - Penalty to Milan Lucic is over, Milan Lucic is back on ice.
10:17 of 2nd period - Snap shot by Jeff Skinner.
10:17 of 2nd period - Stopped by Samuel Montembeault without a rebound.
10:18 of 2nd period - Joe Colborne wins face-off versus Tomas Hertl in Rangers zone.
10:53 of 2nd period - Brandon Gormley is hit by Vince Dunn and loses puck.
11:11 of 2nd period - Icing by Brandon Gormley.
11:12 of 2nd period - Nicklas Backstrom wins face-off versus Sean Couturier in Capitals zone.
11:31 of 2nd period - Wrist shot by Patrick Kane.
11:31 of 2nd period - Shot Blocked by Milan Lucic.
11:49 of 2nd period - Wrist shot by Blake Pietila.
11:49 of 2nd period - Stopped by Samuel Montembeault without a rebound.
11:50 of 2nd period - Tomas Hertl wins face-off versus Cody Hodgson in Rangers zone.
11:57 of 2nd period - Bobby Ryan is hit by Ondrej Palat and loses puck.
12:45 of 2nd period - Shea Theodore is hit by Devante Smith-Pelly and loses puck.
14:00 of 2nd period - Snap shot by Magnus Paajarvi.
14:00 of 2nd period - Stopped by Cory Schneider with a rebound.
14:02 of 2nd period - Wrist shot by Devante Smith-Pelly.
14:02 of 2nd period - Shot Misses the Net.
14:04 of 2nd period - Slapshot by Patrik Nemeth.
14:04 of 2nd period - Stopped by Cory Schneider without a rebound.
14:05 of 2nd period - Cody Hodgson wins face-off versus Sean Couturier in Capitals zone.
14:48 of 2nd period - Icing by Cale Makar.
14:49 of 2nd period - Tomas Hertl wins face-off versus Joe Colborne in Rangers zone.
15:04 of 2nd period - Snap shot by Joe Colborne.
15:04 of 2nd period - Shot Misses the Net.
16:06 of 2nd period - Alexei Marchenko is hit by Devante Smith-Pelly and loses puck.
16:19 of 2nd period - Snap shot by Patrick Kane.
16:19 of 2nd period - Goal by Patrick Kane - Capitals : 3 - Rangers : 2.
16:20 of 2nd period - Sean Couturier wins face-off versus Cody Hodgson in neutral zone.
16:40 of 2nd period - Icing by Ryan Strome.
16:41 of 2nd period - Jujhar Khaira wins face-off versus Sean Couturier in Rangers zone.
17:19 of 2nd period - Snap shot by Sean Couturier.
17:19 of 2nd period - Shot Misses the Net.
17:21 of 2nd period - Slapshot by Patrik Nemeth.
17:21 of 2nd period - Deflect By Jujhar Khaira.
17:21 of 2nd period - Stopped by Cory Schneider without a rebound.
17:22 of 2nd period - Patrick Kane wins face-off versus Tomas Hertl in Capitals zone.
17:27 of 2nd period - Ondrej Palat is hit by Nicklas Backstrom and loses puck.
17:34 of 2nd period - Patrick Kane is hit by Tomas Hertl and loses puck.
17:58 of 2nd period - Wrist shot by Blake Pietila.
17:58 of 2nd period - Stopped by Samuel Montembeault with a rebound.
18:14 of 2nd period - Vince Dunn is hit by Phil Kessel and loses puck.
18:52 of 2nd period - Off-side.
18:53 of 2nd period - Henrik Samuelsson wins face-off versus Nicklas Backstrom in neutral zone.
18:58 of 2nd period - Nicklas Backstrom is hit by Devante Smith-Pelly and loses puck.
19:21 of 2nd period - Slapshot by Shea Theodore.
19:21 of 2nd period - Stopped by Samuel Montembeault with a rebound.
19:45 of 2nd period - Jujhar Khaira is hit by Cale Makar and loses puck.
19:54 of 2nd period - Snap shot by Tomas Hertl.
19:54 of 2nd period - Shot Misses the Net.
Goals for this period are 2 for Capitals vs 0 for Rangers.
Shots for this period are 12 for Capitals vs 5 for Rangers.
3rd period
0:01 of 3rd period - Nicklas Backstrom wins face-off versus Sean Couturier in neutral zone.
0:22 of 3rd period - Sean Couturier is hit by Brandon Gormley and loses puck.
0:56 of 3rd period - Wrist shot by Henrik Samuelsson.
0:56 of 3rd period - Stopped by Cory Schneider without a rebound.
0:57 of 3rd period - Henrik Samuelsson wins face-off versus Joe Colborne in Capitals zone.
3:12 of 3rd period - Snap shot by Jujhar Khaira.
3:12 of 3rd period - Shot Misses the Net.
3:14 of 3rd period - Snap shot by Alexei Marchenko.
3:14 of 3rd period - Shot Misses the Net.
3:16 of 3rd period - Wrist shot by Joe Colborne.
3:16 of 3rd period - Deflect By Dmitry Kulikov.
3:16 of 3rd period - Stopped by Samuel Montembeault with a rebound.
3:18 of 3rd period - Slapshot by Brandon Burlon.
3:18 of 3rd period - Stopped by Samuel Montembeault with a rebound.
3:20 of 3rd period - Slapshot by Brandon Burlon.
3:20 of 3rd period - Stopped by Samuel Montembeault with a rebound.
3:22 of 3rd period - Slapshot by Alexei Marchenko.
3:22 of 3rd period - Stopped by Samuel Montembeault with a rebound.
3:24 of 3rd period - Wrist shot by Jujhar Khaira.
3:24 of 3rd period - Stopped by Samuel Montembeault with a rebound.
3:26 of 3rd period - Slapshot by Alexei Marchenko.
3:26 of 3rd period - Shot Misses the Net.
4:02 of 3rd period - Wrist shot by Steve Downie.
4:02 of 3rd period - Stopped by Samuel Montembeault without a rebound.
4:03 of 3rd period - Sean Couturier wins face-off versus Patrick Kane in Rangers zone.
4:30 of 3rd period - Cody Hodgson is hit by Richard Panik and loses puck.
5:52 of 3rd period - Mikko Vainonen is hit by Vince Dunn and loses puck.
7:00 of 3rd period - Brandon Burlon is hit by Milan Lucic and loses puck.
7:13 of 3rd period - Nicklas Backstrom is hit by Richard Panik.
7:29 of 3rd period - Phil Kessel is hit by Stefan Noesen and loses puck.
8:10 of 3rd period - Icing by Steve Downie.
8:11 of 3rd period - Nicklas Backstrom wins face-off versus Sean Couturier in Capitals zone.
8:55 of 3rd period - Slapshot by Nicklas Backstrom.
8:55 of 3rd period - Stopped by Samuel Montembeault without a rebound.
8:56 of 3rd period - Tomas Hertl wins face-off versus Nicklas Backstrom in Rangers zone.
8:56 of 3rd period - Tomas Hertl is hit by Nicklas Backstrom.
9:04 of 3rd period - Richard Panik is hit by Alexei Marchenko and loses puck.
9:19 of 3rd period - Wrist shot by Milan Lucic.
9:19 of 3rd period - Stopped by Cory Schneider with a rebound.
9:27 of 3rd period - Slapshot by Cody Hodgson.
9:27 of 3rd period - Shot Misses the Net.
9:39 of 3rd period - Slapshot by Joe Colborne.
9:39 of 3rd period - Shot Blocked by Chris Mcallister.
10:05 of 3rd period - Slapshot by Dmitry Kulikov.
10:05 of 3rd period - Shot Blocked by Nicklas Backstrom.
10:07 of 3rd period - Slapshot by Patrik Nemeth.
10:07 of 3rd period - Deflect By Devante Smith-Pelly.
10:07 of 3rd period - Shot Misses the Net.
10:07 of 3rd period - Puck is out of play.
10:08 of 3rd period - Nicklas Backstrom wins face-off versus Sean Couturier in Capitals zone.
10:34 of 3rd period - Richard Panik is hit by Mikko Vainonen and loses puck.
12:01 of 3rd period - Bobby Ryan is hit by Jake McCabe and loses puck.
12:08 of 3rd period - Snap shot by Ondrej Palat.
12:08 of 3rd period - Shot Misses the Net.
12:25 of 3rd period - Alexei Marchenko is hit by Ryan Strome.
12:53 of 3rd period - Magnus Paajarvi is hit by Taylor Hall and loses puck.
14:03 of 3rd period - Henrik Samuelsson is hit by Mike Green.
14:35 of 3rd period - Wrist shot by Phil Kessel.
14:35 of 3rd period - Shot Misses the Net.
16:20 of 3rd period - Snap shot by Stefan Noesen.
16:20 of 3rd period - Stopped by Cory Schneider with a rebound.
16:22 of 3rd period - Backhand shot by Dmitry Kulikov.
16:22 of 3rd period - Stopped by Cory Schneider with a rebound.
16:43 of 3rd period - Snap shot by Henrik Samuelsson.
16:43 of 3rd period - Shot Misses the Net.
16:49 of 3rd period - Cale Makar is hit by Nicklas Backstrom and loses puck.
17:02 of 3rd period - Brandon Burlon is hit by Richard Panik and loses puck.
17:11 of 3rd period - Cody Hodgson is hit by Richard Panik and loses puck.
17:26 of 3rd period - Steve Downie is hit by Mikhail Sergachev and loses puck.
18:48 of 3rd period - Rangers, Samuel Montembeault is pulled from the net.
19:04 of 3rd period - Milan Lucic is hit by Nicklas Backstrom and loses puck.
19:11 of 3rd period - Snap shot by Patrick Kane.
19:11 of 3rd period - Deflect By Dmitry Kulikov.
19:11 of 3rd period - Goal by Patrick Kane - Capitals : 4 - Rangers : 2.
19:11 of 3rd period - Samuel Montembeault from Rangers was sent back in the game.
19:12 of 3rd period - Nicklas Backstrom wins face-off versus Sean Couturier in neutral zone.
19:15 of 3rd period - Mikhail Sergachev is hit by Taylor Hall and loses puck.
Goals for this period are 1 for Capitals vs 0 for Rangers.
Shots for this period are 8 for Capitals vs 4 for Rangers.